 Dungeon Crawl Stone Soup version 0.28-b1-25-g9875b3fc8c (webtiles) character file.

Game seed: 6303992305621665670

151 pkoi the Shooter (level 5, 0/42 HPs)
             Began as a Minotaur Hunter on Feb 1, 2022.
             Slain by an orc (6 damage)
             ... on level 3 of the Dungeon.
             The game lasted 00:03:05 (1664 turns).

pkoi the Shooter (Minotaur Hunter)                  Turns: 1664, Time: 00:03:06

Health: 0/42       AC:  3    Str: 19    XL:     5   Next: 11%
Magic:  4/4        EV: 11    Int:  8    God:
Gold:   102        SH:  0    Dex: 10    Spells: 4/4 levels left

rFire   . . .      SeeInvis .   a - +1 shortbow
rCold   . . .      Faith    .   (shield currently unavailable)
rNeg    . . .      Spirit   .   c - +0 leather armour
rPois   .          Reflect  .   (helmet restricted)
rElec   .          Harm     +   k - scarf {harm}
rCorr   .          Rampage  .   (no gloves)
Will    .....                   (no boots)
Stlth   +.........              i - amulet of regeneration
HPRegen 0.94/turn               (no ring)
MPRegen 0.09/turn               (no ring)

@: no status effects
A: horns 2, retaliatory headbutt
a: no special abilities


You were on level 3 of the Dungeon.
You visited 1 branch of the dungeon, and saw 3 of its levels.

You collected 102 gold pieces.

Inventory:

Hand Weapons
 a - a +1 shortbow (weapon)
 b - a +0 short sword
Missiles
 d - 15 arrows (quivered ammo)
Armour
 c - a +0 leather armour (worn)
 j - a +0 cloak
 k - a scarf of harm (worn)
Jewellery
 i - an amulet of regeneration (around neck)
Scrolls
 e - 2 scrolls of identify {unknown}
 f - a scroll of enchant weapon {unknown}
 h - a scroll of holy word {unknown}
 l - a scroll of teleportation {unknown}
 m - a scroll of acquirement {unknown}
 n - a scroll of fear {unknown}
Potions
 g - 3 potions of curing {unknown}


   Skills:
 - Level 2.4 Fighting
 * Level 6.6 Bows
 - Level 2.1 Dodging
 + Level 2.0 Stealth


You had 4 spell levels left.
You didn't know any spells.
Your spell library was empty.

Dungeon Overview and Level Annotations

Branches:
Dungeon (3/15)

Altars:


Innate Abilities, Weirdness & Mutations

You have a pair of horns on your head.
You reflexively headbutt those who attack you in melee.


Message History

Fire: 21 arrows
Press: ? - help, Q - select action Shift-Dir - straight line, f/p - orc
Aim: an orc, wielding a +0 short sword and wearing a +0 ring mail (heavily wounded, fast, 65% to hit)
You shoot an arrow. The arrow hits the orc wizard!
You kill the orc wizard!
The orc closely misses you.
Your Stealth skill increases to level 2!
You have reached level 5!
Fire: 20 arrows
Press: ? - help, Q - select action Shift-Dir - straight line, f/p - orc
Aim: an orc, wielding a +0 short sword and wearing a +0 ring mail (heavily wounded, fast, 65% to hit)
You shoot an arrow. The arrow hits the orc.
The orc is almost dead.
The orc hits you with a +0 short sword.
* * * LOW HITPOINT WARNING * * *
Fire: 19 arrows
Press: ? - help, Q - select action Shift-Dir - straight line, f/p - orc
Aim: an orc, wielding a +0 short sword and wearing a +0 ring mail (almost dead, fast, 65% to hit)
You shoot an arrow. The arrow closely misses the orc.
The orc barely misses you. The orc closely misses you. You furiously retaliate!
You headbutt the orc, but do no damage.
Fire: 18 arrows
Press: ? - help, Q - select action Shift-Dir - straight line, f/p - orc
Aim: an orc, wielding a +0 short sword and wearing a +0 ring mail (almost dead, fast, 65% to hit)
You shoot an arrow. The arrow barely misses the orc.
The orc hits you with a +0 short sword.
* * * LOW HITPOINT WARNING * * *
Fire: 17 arrows
Press: ? - help, Q - select action Shift-Dir - straight line, f/p - orc
Aim: an orc, wielding a +0 short sword and wearing a +0 ring mail (almost dead, fast, 65% to hit)
You shoot an arrow. The arrow barely misses the orc.
The orc is no longer moving quickly.
The orc hits you with a +0 short sword.
* * * LOW HITPOINT WARNING * * *
The orc barely misses you.
Fire: 16 arrows
Press: ? - help, Q - select action Shift-Dir - straight line, f/p - orc
Aim: an orc, wielding a +0 short sword and wearing a +0 ring mail (almost dead, 65% to hit)
You shoot an arrow. The arrow barely misses the orc.
The orc hits you with a +0 short sword.
You die...

#..........)#
#.#####'##### #.†.††..#
#.####### #.......#
#.#####.# #....##.#
####.##.# #.##@#
#############+ #..#o#
#............. ######.#(#
#>o{.....(.()(
#...<#.#.###.###########.
#.##.....#...#
#.....#'### #....(....#
#....#....# #....#(...#


You could see an orc.

Vanquished Creatures
  Natasha (D:3)
  An orc wizard (D:3)
  2 adders (D:2)
  A worm (D:2)
  4 dart slugs (D:1)
  2 orcs (D:3)
  6 bats
  2 endoplasms
  2 giant cockroaches
  3 goblins (D:2)
  5 hobgoblins
  9 jackals
  3 quokkas
  5 ball pythons
  5 frilled lizards
  5 kobolds
  6 rats
62 creatures vanquished.

Vanquished Creatures (others)
  An orc wizard (D:3)
1 creature vanquished.

Grand Total: 63 creatures vanquished

Notes
Turn   | Place    | Note
-------+----------+-------------------------------------------
     0 | D:1      | pkoi the Minotaur Hunter began the quest for the Orb.
     0 | D:1      | Reached XP level 1. HP: 18/18 MP: 0/0
   296 | D:1      | Reached XP level 2. HP: 25/25 MP: 1/1
   304 | D:1      | Reached skill level 5 in Bows
   304 | D:1      | Found a faded altar of an unknown god.
   794 | D:1      | Reached XP level 3. HP: 26/30 MP: 2/2
   892 | D:2      | Reached skill level 1 in Stealth
  1122 | D:2      | Reached skill level 6 in Bows
  1122 | D:2      | Reached XP level 4. HP: 37/37 MP: 3/3
  1561 | D:3      | Noticed Natasha
  1565 | D:3      | Killed Natasha
  1660 | D:3      | Reached XP level 5. HP: 11/42 MP: 4/4
  1664 | D:3      | Slain by an orc

Illustrated notes

Levels and vault maps discovered:
D:1:      wheals_arrival_shading, layout_basic,
          hellmonk_ecumenical_altar_blasted
D:2:      layout_basic, serial_curves, eino_curves_04, eino_curves_01,
          minmay_tromino_mix6
D:3:      gammafunk_steamed_eel, layout_basic, elyvilon_altar_4, uniq_natasha

Skill      XL: |  1  2  3  4 |
---------------+-------------+-----
Bows           | 5 6 |  6.6
Stealth        | 1 2 |  2.0
Fighting       | |  2.4
Dodging        | |  2.1

Action                   |  1- 3 |  4- 6 || total
-------------------------+-------+-------++-------
Melee: Short sword       |    74 |       ||    74
       Headbutt          |    16 |       ||    16
 Fire: Shortbow          |    23 |    64 ||    87
Armor: Leather armour    |    26 |     4 ||    30
Dodge: Dodged            |    62 |     6 ||    68
